SAA
CHESAPEAKE CONTINENTALS @ COLORADO SPRINGS VELOCITY
09/05/2019
 
TOP OF THE 1ST
Chesapeake Continentals batting - Pitching for Colorado Springs Velocity : LHP John Hamilton
Pitching: LHP John Hamilton
Batting: RHB Gustavo Varela 0-0: Ball
1-0: Swinging Strike
1-1: Called Strike
1-2: Ball
2-2: Foul Ball, location: 2F
2-2: Strikes out swinging
Batting: LHB Thomas Campbell 0-0: Ball
1-0: SINGLE (Flyball, 4D)
Batting: RHB Brandon Reed 0-0: Fly out, F7 (Flyball, 7M)
Batting: LHB Jesús Pérez 0-0: Called Strike
0-1: Called Strike
0-2: Ball
1-2: Ball
2-2: Ground out 1-3 (Groundball, 23)
Top of the 1st over - 0 run(s), 1 hit(s), 0 error(s), 1 left on base; Chesapeake 0 - Colorado Springs 0
BOTTOM OF THE 1ST
Colorado Springs Velocity batting - Pitching for Chesapeake Continentals : RHP Juan Torres
Pitching: RHP Juan Torres
Batting: SHB Rúbem Corvo 0-0: Ground out 4-3 (Groundball, 34)
Batting: RHB Dan Hart 0-0: Ball
1-0: Called Strike
1-1: Foul Ball, location: 2F
1-2: Ball
2-2: Strikes out looking
Batting: RHB Félix Aguilar 0-0: Ball
1-0: Ball
2-0: Swinging Strike
2-1: SINGLE (Groundball, 6MD)
Batting: RHB Robert Hill 0-0: Ball
1-0: Called Strike
1-1: Ball
2-1: Ground out 2-3 (Groundball, 2L)
Bottom of the 1st over - 0 run(s), 1 hit(s), 0 error(s), 1 left on base; Chesapeake 0 - Colorado Springs 0
TOP OF THE 2ND
Chesapeake Continentals batting - Pitching for Colorado Springs Velocity : LHP John Hamilton
Batting: RHB Jonah Moody 0-0: Called Strike
0-1: Ball
1-1: Foul Ball, location: 2F
1-2: Foul Ball, location: 2F
1-2: Ball
2-2: Ball
3-2: Ground out 5-3 (Groundball, 5)
Batting: SHB Jesús Cabañe 0-0: Ground out 4-3 (Groundball, 4)
Batting: SHB Dominique Prost 0-0: Foul Ball, location: 2F
0-1: Fly out, F8 (Line Drive, 8LS)
Top of the 2nd over - 0 run(s), 0 hit(s), 0 error(s), 0 left on base; Chesapeake 0 - Colorado Springs 0
BOTTOM OF THE 2ND
Colorado Springs Velocity batting - Pitching for Chesapeake Continentals : RHP Juan Torres
Batting: RHB Jorge Quezada 0-0: Ball
1-0: Swinging Strike
1-1: Ball
2-1: Foul Ball, location: 2F
2-2: Ball
3-2: Strikes out looking
Batting: LHB Qi-zhen Loong 0-0: Ball
1-0: Called Strike
1-1: Called Strike
1-2: Strikes out swinging
Batting: RHB Clarros Ramada 0-0: Ball
1-0: Ball
2-0: Ball
3-0: Called Strike
3-1: Ground out 6-3 (Groundball, 6M)
Bottom of the 2nd over - 0 run(s), 0 hit(s), 0 error(s), 0 left on base; Chesapeake 0 - Colorado Springs 0
TOP OF THE 3RD
Chesapeake Continentals batting - Pitching for Colorado Springs Velocity : LHP John Hamilton
Batting: RHB Gil Nichols 0-0: Ball
1-0: Ball
2-0: Called Strike
2-1: Foul Ball, location: 2F
2-2: Strikes out swinging
Batting: RHB Walter Hurlson 0-0: Called Strike
0-1: Ball
1-1: Foul Ball, location: 2F
1-2: Ball
2-2: Foul Ball, location: 2F
2-2: Ball
3-2: Foul Ball, location: 2F
3-2: Foul Ball, location: 2F
3-2: Foul Ball, location: 2F
3-2: Foul Ball, location: 2F
3-2: Hit by Pitch
Batting: RHB Gustavo Varela 0-0: Ball
1-0: Foul Ball, location: 2F
1-1: Fly out, F9 (Flyball, 89S)
Batting: LHB Thomas Campbell 0-0: Called Strike
0-1: Ball
1-1: Foul Ball, location: 2F
1-2: Ball
2-2: Foul Ball, location: 2F
2-2: Foul Ball, location: 2F
2-2: Strikes out swinging
Top of the 3rd over - 0 run(s), 0 hit(s), 0 error(s), 1 left on base; Chesapeake 0 - Colorado Springs 0
BOTTOM OF THE 3RD
Colorado Springs Velocity batting - Pitching for Chesapeake Continentals : RHP Juan Torres
Batting: RHB Nathaniel Gault 0-0: Called Strike
0-1: Reached on error, E5 (Groundball, 5)
Batting: LHB Felipe Trujillo 0-0: Called Strike
0-1: Foul Ball, location: 2F
0-2: Ball
1-2: Ground out U3 (Groundball, 3)
Nathaniel Gault to third
Batting: SHB Rúbem Corvo 0-0: Swinging Strike
0-1: Swinging Strike
0-2: Strikes out swinging
Batting: RHB Dan Hart 0-0: Called Strike
0-1: Fly out, F7 (Flyball, 7M)
Bottom of the 3rd over - 0 run(s), 0 hit(s), 1 error(s), 1 left on base; Chesapeake 0 - Colorado Springs 0
TOP OF THE 4TH
Chesapeake Continentals batting - Pitching for Colorado Springs Velocity : LHP John Hamilton
Batting: RHB Brandon Reed 0-0: Ball
1-0: Ball
2-0: Ball
3-0: Foul Ball, location: 2F
3-1: SINGLE (Line Drive, 7LS)
Batting: LHB Jesús Pérez 0-0: Ball
1-0: Swinging Strike
1-1: Ball
2-1: Foul Ball, location: 2F
2-2: Strikes out swinging
Batting: RHB Jonah Moody 0-0: DOUBLE (Flyball, 9LM)
Brandon Reed to third
Runner from 3rd tries for Home, SAFE, no throw or cutoff
Batting: SHB Jesús Cabañe 0-0: Called Strike
0-1: Foul Ball, location: 2F
0-2: Strikes out swinging
Batting: SHB Dominique Prost 0-0: Called Strike
0-1: Ball
1-1: Ball
2-1: Fly out, F3 (Popup, 3SF)
Top of the 4th over - 1 run(s), 2 hit(s), 0 error(s), 1 left on base; Chesapeake 1 - Colorado Springs 0
BOTTOM OF THE 4TH
Colorado Springs Velocity batting - Pitching for Chesapeake Continentals : RHP Juan Torres
Batting: RHB Félix Aguilar 0-0: Called Strike
0-1: Swinging Strike
0-2: Foul Ball, location: 2F
0-2: Ground out 1-3 (Groundball, 15S)
Batting: RHB Robert Hill 0-0: Ball
1-0: Called Strike
1-1: Ball
2-1: Ball
3-1: Swinging Strike
3-2: Foul Ball, location: 2F
3-2: Base on Balls
Batting: RHB Jorge Quezada 0-0: Ball
1-0: Foul Ball, location: 2F
1-1: Called Strike
1-2: Strikes out swinging
Batting: LHB Qi-zhen Loong 0-0: Called Strike
0-1: Ground out U3 (Groundball, 3)
Bottom of the 4th over - 0 run(s), 0 hit(s), 0 error(s), 1 left on base; Chesapeake 1 - Colorado Springs 0
TOP OF THE 5TH
Chesapeake Continentals batting - Pitching for Colorado Springs Velocity : LHP John Hamilton
Batting: RHB Gil Nichols 0-0: Ball
1-0: Ball
2-0: Ball
3-0: Base on Balls
Pitching: RHP Freddy Gómez
Batting: RHB Walter Hurlson 0-0: Bunted foul
0-1: Bunted foul
0-2: Ball
1-2: Ball
2-2: Foul Ball, location: 2F
2-2: Foul Ball, location: 2F
2-2: Grounds into double play, 6-4-3 (Groundball, 6)
Batting: RHB Gustavo Varela 0-0: Foul Ball, location: 2F
0-1: Foul Ball, location: 2F
0-2: Foul Ball, location: 2F
0-2: Ball
1-2: Fly out, F8 (Flyball, 8LXD)
Top of the 5th over - 0 run(s), 0 hit(s), 0 error(s), 0 left on base; Chesapeake 1 - Colorado Springs 0
BOTTOM OF THE 5TH
Colorado Springs Velocity batting - Pitching for Chesapeake Continentals : RHP Juan Torres
Batting: RHB Clarros Ramada 0-0: Foul Ball, location: 2F
0-1: Foul Ball, location: 2F
0-2: Fly out, F8 (Flyball, 8RM)
Batting: RHB Nathaniel Gault 0-0: Ball
1-0: Swinging Strike
1-1: Ball
2-1: Ball
3-1: Foul Ball, location: 2F
3-2: DOUBLE (Line Drive, 7LM)
Batting: LHB Felipe Trujillo 0-0: Foul Ball, location: 2F
0-1: Swinging Strike
0-2: Ball
1-2: Ball
2-2: Strikes out swinging
Batting: SHB Rúbem Corvo 0-0: Ball
1-0: Ball
2-0: Swinging Strike
2-1: Called Strike
2-2: Fly out, F7 (Flyball, 7S)
Bottom of the 5th over - 0 run(s), 1 hit(s), 0 error(s), 1 left on base; Chesapeake 1 - Colorado Springs 0
TOP OF THE 6TH
Chesapeake Continentals batting - Pitching for Colorado Springs Velocity : RHP Freddy Gómez
Batting: LHB Thomas Campbell 0-0: Fly out, F3 (Popup, 3F)
Batting: RHB Brandon Reed 0-0: Ball
1-0: Ground out 6-3 (Groundball, 6)
Batting: LHB Jesús Pérez 0-0: Called Strike
0-1: SINGLE (Groundball, 6MD)
Batting: RHB Jonah Moody 0-0: Ball
1-0: Ball
2-0: Ball
3-0: Called Strike
3-1: Base on Balls
Jesús Pérez to second
Batting: SHB Jesús Cabañe 0-0: Called Strike
0-1: Ball
1-1: Fly out, F8 (Flyball, 8LD)
Top of the 6th over - 0 run(s), 1 hit(s), 0 error(s), 2 left on base; Chesapeake 1 - Colorado Springs 0
BOTTOM OF THE 6TH
Colorado Springs Velocity batting - Pitching for Chesapeake Continentals : RHP Juan Torres
Batting: RHB Dan Hart 0-0: Ball
1-0: Ground out 6-3 (Groundball, 6)
Batting: RHB Félix Aguilar 0-0: Ball
1-0: Foul Ball, location: 2F
1-1: Ball
2-1: Ball
3-1: Base on Balls
Batting: RHB Robert Hill 0-0: Called Strike
0-1: Ball
1-1: Ball
2-1: Swinging Strike
2-2: Ball
3-2: Fly out, F7 (Flyball, 7D)
Batting: RHB Jorge Quezada 0-0: Ball
Félix Aguilar is caught stealing 2nd base
Bottom of the 6th over - 0 run(s), 0 hit(s), 0 error(s), 0 left on base; Chesapeake 1 - Colorado Springs 0
TOP OF THE 7TH
Chesapeake Continentals batting - Pitching for Colorado Springs Velocity : RHP Freddy Gómez
Pitching: RHP Ricardo Gómez
Batting: SHB Dominique Prost 0-0: Foul Ball, location: 2F
0-1: Called Strike
0-2: Foul Ball, location: 2F
0-2: Strikes out swinging
Batting: RHB Gil Nichols 0-0: Called Strike
0-1: Ball
1-1: Foul Ball, location: 2F
1-2: Ball
2-2: Ball
3-2: Foul Ball, location: 2F
3-2: Fly out, F8 (Flyball, 8LM)
Batting: RHB Walter Hurlson 0-0: Swinging Strike
0-1: Fly out, F5 (Line Drive, 5S)
Top of the 7th over - 0 run(s), 0 hit(s), 0 error(s), 0 left on base; Chesapeake 1 - Colorado Springs 0
BOTTOM OF THE 7TH
Colorado Springs Velocity batting - Pitching for Chesapeake Continentals : RHP Juan Torres
Batting: RHB Jorge Quezada 0-0: Called Strike
0-1: Called Strike
0-2: Ball
1-2: Strikes out swinging
Batting: LHB Qi-zhen Loong 0-0: Ground out 1-3 (Groundball, 25)
Batting: RHB Clarros Ramada 0-0: Ball
1-0: Called Strike
1-1: Foul Ball, location: 2F
1-2: Ball
2-2: SINGLE (Groundball, 6)
Pitching: RHP Andrew Webster
Pinch Hitting: LHB Mike Parker 0-0: Ball
1-0: Called Strike
1-1: Ball
2-1: Foul Ball, location: 2F
2-2: DOUBLE (Flyball, 8LM)
Clarros Ramada to third
Runner from 3rd tries for Home, SAFE, throw made home
Batting: LHB Felipe Trujillo 0-0: Called Strike
0-1: Ball
1-1: Ball
2-1: SINGLE (Line Drive, 9S)
Mike Parker to third
Runner from 3rd tries for Home, SAFE, no throw or cutoff
Pinch Hitting: RHB Jim Unknown 0-0: Called Strike
0-1: Fly out, F7 (Flyball, 78M)
Bottom of the 7th over - 2 run(s), 3 hit(s), 0 error(s), 1 left on base; Chesapeake 1 - Colorado Springs 2
TOP OF THE 8TH
Chesapeake Continentals batting - Pitching for Colorado Springs Velocity : RHP Ricardo Gómez
Pitching: LHP Gerardo Márquez
Now at SS: Jim Unknown
Now in LF: Mike Parker
Batting: RHB Gustavo Varela 0-0: Foul Ball, location: 2F
0-1: Called Strike
0-2: Strikes out swinging
Batting: LHB Thomas Campbell 0-0: Ball
1-0: Called Strike
1-1: Ball
2-1: Foul Ball, location: 2F
2-2: Strikes out looking
Pitching: RHP Reed Taylor
Batting: RHB Brandon Reed 0-0: Ball
1-0: Foul Ball, location: 2F
1-1: Ground out 5-3 (Groundball, 5)
Top of the 8th over - 0 run(s), 0 hit(s), 0 error(s), 0 left on base; Chesapeake 1 - Colorado Springs 2
BOTTOM OF THE 8TH
Colorado Springs Velocity batting - Pitching for Chesapeake Continentals : RHP Andrew Webster
Batting: RHB Dan Hart 0-0: Ball
1-0: Fly out, F8 (Line Drive, 8LM)
Batting: RHB Félix Aguilar 0-0: Fly out, F9 (Flyball, 9LM)
Batting: RHB Robert Hill 0-0: Ball
1-0: Called Strike
1-1: Foul Ball, location: 2F
1-2: SOLO HOME RUN (Line Drive, 7D), Distance : 388 ft
Batting: RHB Jorge Quezada 0-0: Ball
1-0: Fly out, F6 (Line Drive, 6)
Bottom of the 8th over - 1 run(s), 1 hit(s), 0 error(s), 0 left on base; Chesapeake 1 - Colorado Springs 3
TOP OF THE 9TH
Chesapeake Continentals batting - Pitching for Colorado Springs Velocity : RHP Reed Taylor
Pitching: RHP Jim Unknown
Batting: LHB Jesús Pérez 0-0: Swinging Strike
0-1: Foul Ball, location: 2F
0-2: Foul Ball, location: 2F
0-2: Foul Ball, location: 2F
0-2: Strikes out looking
Batting: RHB Jonah Moody 0-0: Ball
1-0: SINGLE (Flyball, 89S)
Pinch Hitting: RHB Jim Unknown 0-0: Called Strike
0-1: Foul Ball, location: 2F
0-2: Foul Ball, location: 2F
0-2: Foul Ball, location: 2F
0-2: Foul Ball, location: 2F
0-2: Strikes out looking
Pinch Hitting: LHB Jim Unknown 0-0: Ground out 5-3 (Groundball, 56)
Top of the 9th over - 0 run(s), 1 hit(s), 0 error(s), 1 left on base; Chesapeake 1 - Colorado Springs 3
This league is powered by Out of the Park Baseball, the baseball management simulation game for PC, Mac and Linux
Saturday, July 25th, 2015 - OOTP Baseball 15.6 Build 34